 Dungeon Crawl Stone Soup version 0.24-a0-433-gbe6fa4f6cc (webtiles) character file.

Game seed: 7382698589303970287

41 Azzok the Chopper (level 3, -4/29 HPs)
             Began as a Formicid Berserker on June 14, 2019.
             Was a Believer of Trog.
             Slain by an iguana (11 damage)
             ... on level 2 of the Dungeon.
             The game lasted 00:01:27 (1050 turns).

Azzok the Chopper (Formicid Berserker)              Turns: 1050, Time: 00:01:28

Health: -4/29      AC:  2    Str: 22    XL:     3   Next: 75%
Magic:  3/3        EV: 12    Int:  6    God:    Trog [**....]
Gold:   58         SH:  0    Dex: 10    Spells: 2/2 levels left

rFire    . . .     SeeInvis +   a - +0 hand axe
rCold    . . .     Gourm    .   (no shield)
rNeg     + . .     Faith    .   b - +0 animal skin
rPois    .         Spirit   .   (helmet unavailable)
rElec    .         Reflect  .   (no cloak)
rCorr    +         Harm     .   (no gloves)
MR       .....                  (no boots)
Stlth    +.........             i - amulet of inaccuracy (curse)
HPRegen  0.09/turn              h - ring of positive energy
MPRegen  0.08/turn              f - ring of resist corrosion

@: no status effects
A: permanent stasis, dig shafts and tunnels, four strong arms, antennae 3
a: Dig, Shaft Self, Trog's Hand, Renounce Religion


You were on level 2 of the Dungeon.
You worshipped Trog.
Trog was pleased with you.
You were not hungry.

You visited 1 branch of the dungeon, and saw 2 of its levels.

You collected 58 gold pieces.

Inventory:

Hand Weapons
 a - a +0 hand axe (weapon)
Armour
 b - a +0 animal skin (worn)
Jewellery
 f - a ring of resist corrosion (right hand)
 h - a ring of positive energy (left hand)
 i - a cursed amulet of inaccuracy (around neck)
Scrolls
 d - a scroll of identify
Potions
 e - a potion of curing
Comestibles
 c - 3 rations
 g - 2 chunks of flesh


   Skills:
 - Level 3.2 Fighting
 + Level 4.4 Axes
 - Level 2.1 Armour
 - Level 1.7 Dodging


You had 2 spell levels left.
You didn't know any spells.
Your spell library was empty.

Dungeon Overview and Level Annotations

Branches:
Dungeon (2/15)

Altars:


Innate Abilities, Weirdness & Mutations

You cannot be hasted, slowed, berserked, paralysed or teleported.
You can dig through walls and to a lower floor.
Your four strong arms can wield two-handed weapons with a shield.
You have a pair of large antennae on your head. (SInv)


Message History

You are too injured to fight recklessly!
You are too injured to fight recklessly!
You are too injured to fight recklessly!
You are too injured to fight recklessly!
You are too injured to fight recklessly!
You are too injured to fight recklessly!
You are too injured to fight recklessly!
You are too injured to fight recklessly!
You are too injured to fight recklessly!
You are too injured to fight recklessly!
You are too injured to fight recklessly!
You hit the iguana but do no damage. The iguana bites you!
* * * LOW HITPOINT WARNING * * *
You hit the iguana.
The iguana is moderately wounded.
The iguana closely misses you.
You barely miss the iguana.
The iguana is moderately wounded.
The iguana completely misses you. The iguana bites you!
You die...

····▒▒▒▒ ▒▒···▒···▒
·····▒ ▒··▒·▒···▒
▒·▒·▒▒▒········
▒············▒▒▒▒▒▒
▒▒·······▒·········
▒······÷···········
▒·▒▒▒▒▒············ ▒·
▒············· ··
▒····▒@†····$· ▒▒
▒······l$·····
▒▒▒▒▒▒▒···[·········
▒··········▒····?···
▒▒▒▒▒············▒▒▒▒▒▒▒
····▒·······▒··▒▒▒
▒················
▒▒·······▒··▒▒▒▒
▒▒···▒▒▒▒··▒▒▒▒·


You could see an iguana.

Vanquished Creatures
  An adder (D:2)
  A leopard gecko (D:2)
  5 bats
  3 giant cockroaches (D:1)
  3 goblins
  3 hobgoblins (D:1)
  3 jackals (D:1)
  2 frilled lizards
  4 kobolds (D:1)
  4 rats
29 creatures vanquished.

Notes
Turn   | Place    | Note
-------+----------+-------------------------------------------
     0 | D:1      | Azzok the Formicid Berserker began the quest for the Orb.
     0 | D:1      | Reached XP level 1. HP: 18/18 MP: 1/1
   168 | D:1      | Reached XP level 2. HP: 24/24 MP: 2/2
   379 | D:1      | Reached skill level 4 in Axes
   379 | D:1      | Reached XP level 3. HP: 26/29 MP: 3/3
   998 | D:2      | Reached ** piety under Trog
  1050 | D:2      | Slain by an iguana

Levels and vault maps discovered:
D:1:      eino_arrival_tree_alley, layout_basic, serial_rivers,
          chequers_serial_rivers_small_3, chequers_serial_rivers_micro_a,
          chequers_serial_rivers_small_3, chequers_serial_rivers_room_b,
          minmay_misc_feat_five
D:2:      layout_rooms, serial_bayou_pond_a

Skill      XL: |  1  2 |
---------------+-------+-----
Axes           | 4 |  4.4
Fighting       | |  3.2
Armour         | |  2.1
Dodging        | |  1.7

Action                   || total
-------------------------++-------
Melee: Hand axe          ||    89
  Use: Scroll            ||     3
  Eat: Chunk             ||     1
Armor: Animal skin       ||    19
Dodge: Dodged            ||    75

Table legend:
 A = Non-vault XP
 B = Vault XP
 C = Vault XP percentage of total XP
 D = Non-vault monster count
 E = Vault monster count
 F = Vault count percentage of total count
                 A         B        C        D         E       F
            +---------+---------+-------+---------+---------+-------
      Total |      59 |       0 |   0.0 |      29 |       0 |   0.0
            +---------+---------+-------+---------+---------+-------
        D:1 |      37 |       0 |   0.0 |      23 |       0 |   0.0
        D:2 |      22 |       0 |   0.0 |       6 |       0 |   0.0
            +---------+---------+-------+---------+---------+-------
